MID
KANNAPOLIS INTIMIDATORS @ CHARLESTON RIVERDOGS
07/05/2048
 
TOP OF THE 1ST
Kannapolis Intimidators batting - Pitching for Charleston RiverDogs : RHP Khayyat bin Faruq
Pitching: RHP Khayyat bin Faruq
Batting: RHB Sean Peake 0-0: Swinging Strike
0-1: Ground out 6-3 (Groundball, 6, EV 78.1 MPH)
Batting: RHB Luwen Storm 0-0: Foul Ball, location: 2F
0-1: Ball
1-1: Foul Ball, location: 2F
1-2: Foul Ball, location: 2F
1-2: Foul Ball, location: 2F
1-2: Ground out 6-3 (Groundball, 6, EV 90.6 MPH)
Batting: RHB Mike Warzecha 0-0: Ground out 1-3 (Groundball, P, EV 74.4 MPH)
Top of the 1st over - 0 runs, 0 hits, 0 errors, 0 left on base; Kannapolis 0 - Charleston 0
BOTTOM OF THE 1ST
Charleston RiverDogs batting - Pitching for Kannapolis Intimidators : LHP Randy Eisenmann
Pitching: LHP Randy Eisenmann
Batting: RHB Jonathan Iniguez 0-0: Foul Ball, location: 2F
0-1: Called Strike
0-2: Strikes out swinging, 2-3 out at first.
Batting: RHB Bill Nguyen-Tan 0-0: Ball
1-0: Ball
2-0: Ball
3-0: Base on Balls
Batting: SHB Corey Penson 0-0: Ball
1-0: Called Strike
1-1: Fielders Choice at 2nd, 4-6 (Groundball, 4, EV 87.5 MPH)
Batting: RHB Mike Zern 0-0: Called Strike
0-1: Foul Ball, location: 2F
0-2: Strikes out swinging
Bottom of the 1st over - 0 runs, 0 hits, 0 errors, 1 left on base; Kannapolis 0 - Charleston 0
TOP OF THE 2ND
Kannapolis Intimidators batting - Pitching for Charleston RiverDogs : RHP Khayyat bin Faruq
Batting: RHB Duncan Collins 0-0: Called Strike
0-1: Swinging Strike
0-2: Strikes out swinging
Batting: RHB Nick Kleckner 0-0: Called Strike
0-1: Foul Ball, location: 2F
0-2: Ball
1-2: Fly out, F8 (Flyball, 8LM, EV 85.0 MPH)
Batting: RHB Armando Vazquez 0-0: Foul Ball, location: 2F
0-1: Ball
1-1: SOLO HOME RUN (Flyball, 8RXD, EV 115.0 MPH), Distance : 448 ft
Batting: SHB Jose Castillo 0-0: Ball
1-0: Foul Ball, location: 2F
1-1: Ball
2-1: SINGLE (Groundball, 34D, EV 108.1 MPH)
Batting: RHB Jose Marquez 0-0: Called Strike
0-1: Ball
Jose Castillo steals 2nd base
1-1: Ball
2-1: Foul Ball, location: 2F
2-2: Ball
3-2: Ground out 1-3 (Groundball, 34S, EV 68.1 MPH)
Top of the 2nd over - 1 run, 2 hits, 0 errors, 1 left on base; Kannapolis 1 - Charleston 0
BOTTOM OF THE 2ND
Charleston RiverDogs batting - Pitching for Kannapolis Intimidators : LHP Randy Eisenmann
Batting: LHB Steve LeGrand 0-0: Called Strike
0-1: Swinging Strike
0-2: Strikes out looking
Batting: RHB Iften Olujimi 0-0: Hit by Pitch
Batting: RHB Matt Alderson 0-0: Ball
1-0: Called Strike
1-1: Ball
2-1: Ball
3-1: Called Strike
3-2: Foul Ball, location: 2F
3-2: Strikes out swinging
Batting: RHB Gonçalo Burhil 0-0: Called Strike
0-1: Called Strike
0-2: Ball
1-2: Foul Ball, location: 2F
1-2: Foul Ball, location: 2F
1-2: Ball
2-2: Foul Ball, location: 2F
2-2: Foul Ball, location: 2F
2-2: Ball
3-2: Strikes out swinging
Bottom of the 2nd over - 0 runs, 0 hits, 0 errors, 1 left on base; Kannapolis 1 - Charleston 0
TOP OF THE 3RD
Kannapolis Intimidators batting - Pitching for Charleston RiverDogs : RHP Khayyat bin Faruq
Batting: RHB Dunlang Clark 0-0: Ball
1-0: Called Strike
1-1: Bunted foul
1-2: Foul Ball, location: 2F
1-2: Ball
2-2: Ground out 5-3 (Groundball, 56S, EV 66.9 MPH)
Batting: RHB Sean Peake 0-0: Foul Ball, location: 2F
0-1: Ball
1-1: Ball
2-1: Swinging Strike
2-2: Foul Ball, location: 2F
2-2: Ball
3-2: Base on Balls
Batting: RHB Luwen Storm 0-0: Ball
1-0: Ball
2-0: Ball
3-0: Called Strike
3-1: Swinging Strike
3-2: Foul Ball, location: 2F
3-2: Reached on error, E5 (Groundball, 56, EV 84.4 MPH)
Sean Peake to second
Batting: RHB Mike Warzecha 0-0: Called Strike
Sean Peake is caught stealing 3rd base 2-5
Luwen Storm to second
0-1: Ball
1-1: Ground out 4-3 (Groundball, 4S, EV 70.6 MPH)
Top of the 3rd over - 0 runs, 0 hits, 1 error, 1 left on base; Kannapolis 1 - Charleston 0
BOTTOM OF THE 3RD
Charleston RiverDogs batting - Pitching for Kannapolis Intimidators : LHP Randy Eisenmann
Batting: RHB Louwe Starmans 0-0: DOUBLE (Line Drive, 89D, EV 100.0 MPH)
Batting: RHB Jonathan Iniguez 0-0: Ball
1-0: Ball
2-0: Called Strike
2-1: SINGLE (Groundball, 34D, EV 108.8 MPH)
Louwe Starmans to third
Throwing error, E9
Louwe Starmans scores
Jonathan Iniguez to second
Batting: RHB Bill Nguyen-Tan 0-0: Ball
1-0: Ball
2-0: Ball
3-0: Called Strike
3-1: Called Strike
3-2: Strikes out swinging
Batting: SHB Corey Penson 0-0: Ball
1-0: Foul Ball, location: 2F
1-1: Ball
2-1: Ground out 4-3 (Groundball, 4M, EV 83.1 MPH)
Jonathan Iniguez to third
Batting: RHB Mike Zern 0-0: Called Strike
0-1: Ball
1-1: Called Strike
1-2: Strikes out swinging
Bottom of the 3rd over - 1 run, 2 hits, 1 error, 1 left on base; Kannapolis 1 - Charleston 1
TOP OF THE 4TH
Kannapolis Intimidators batting - Pitching for Charleston RiverDogs : RHP Khayyat bin Faruq
Batting: RHB Duncan Collins 0-0: Foul Ball, location: 2F
0-1: Foul Ball, location: 2F
0-2: Foul Ball, location: 2F
0-2: Ball
1-2: Ball
2-2: SINGLE (Groundball, 6MD, EV 98.1 MPH)
Batting: RHB Nick Kleckner 0-0: Foul Ball, location: 2F
0-1: Ball
1-1: Called Strike
1-2: Ball
2-2: 2-RUN HOME RUN (Flyball, 7LD, EV 94.4 MPH), Distance : 372 ft
Batting: RHB Armando Vazquez 0-0: Ball
1-0: Bunt missed!
1-1: SINGLE (Groundball, 56, EV 99.4 MPH) (infield hit)
Batting: SHB Jose Castillo 0-0: Ball
Armando Vazquez is caught stealing 2nd base 2-6
1-0: Ball
2-0: SINGLE (Groundball, 4MS, EV 71.2 MPH) (infield hit)
Batting: RHB Jose Marquez 0-0: Called Strike
0-1: Ground out 5-3 (Groundball, 56S, EV 69.4 MPH)
Jose Castillo to second
Batting: RHB Dunlang Clark 0-0: Ball
1-0: Ball
2-0: Ball
3-0: Called Strike
3-1: Swinging Strike
3-2: Strikes out swinging
Top of the 4th over - 2 runs, 4 hits, 0 errors, 1 left on base; Kannapolis 3 - Charleston 1
BOTTOM OF THE 4TH
Charleston RiverDogs batting - Pitching for Kannapolis Intimidators : LHP Randy Eisenmann
Batting: LHB Steve LeGrand 0-0: Called Strike
0-1: Swinging Strike
0-2: Foul Ball, location: 2F
0-2: Ball
1-2: Strikes out swinging
Batting: RHB Iften Olujimi 0-0: Called Strike
0-1: Ball
1-1: Swinging Strike
1-2: Foul Ball, location: 2F
1-2: Foul Ball, location: 2F
1-2: Ball
2-2: Foul Ball, location: 2F
2-2: Strikes out swinging
Batting: RHB Matt Alderson 0-0: Called Strike
0-1: Called Strike
0-2: Ball
1-2: Ball
2-2: Ball
3-2: Base on Balls
Batting: RHB Gonçalo Burhil 0-0: Called Strike
0-1: Swinging Strike
0-2: Ball
1-2: Ball
2-2: Fielders Choice at 2nd, 6-4 (Groundball, 6, EV 85.0 MPH)
Bottom of the 4th over - 0 runs, 0 hits, 0 errors, 1 left on base; Kannapolis 3 - Charleston 1
TOP OF THE 5TH
Kannapolis Intimidators batting - Pitching for Charleston RiverDogs : RHP Khayyat bin Faruq
Pitching: RHP Mike Pickens
Batting: RHB Sean Peake 0-0: Ball
1-0: Foul Ball, location: 2F
1-1: Ball
2-1: Foul Ball, location: 2F
2-2: Foul Ball, location: 2F
2-2: Foul Ball, location: 2F
2-2: Ball
3-2: Ground out 3-1 (Groundball, 34, EV 103.1 MPH)
Batting: RHB Luwen Storm 0-0: Called Strike
0-1: Called Strike
0-2: Foul Ball, location: 2F
0-2: Ball
1-2: Ball
2-2: Strikes out swinging
Batting: RHB Mike Warzecha 0-0: Called Strike
0-1: Ground out 6-3 (Groundball, 6, EV 100.0 MPH)
Top of the 5th over - 0 runs, 0 hits, 0 errors, 0 left on base; Kannapolis 3 - Charleston 1
BOTTOM OF THE 5TH
Charleston RiverDogs batting - Pitching for Kannapolis Intimidators : LHP Randy Eisenmann
Batting: RHB Louwe Starmans 0-0: Ball
1-0: Ball
2-0: Foul Ball, location: 2F
2-1: Ball
3-1: Called Strike
3-2: Base on Balls
Batting: RHB Jonathan Iniguez 0-0: Called Strike
0-1: Ball
1-1: Swinging Strike
1-2: Hit by Pitch
Louwe Starmans to second
Batting: RHB Bill Nguyen-Tan 0-0: Ball
1-0: Foul Ball, location: 2F
1-1: Called Strike
1-2: Ball
2-2: Strikes out looking
Batting: SHB Corey Penson 0-0: Fly out, F9 (Flyball, 9D, EV 89.4 MPH)
Batting: RHB Mike Zern 0-0: Swinging Strike
0-1: SINGLE (Groundball, 56D, EV 106.9 MPH)
Louwe Starmans to third
Jonathan Iniguez to second
Runner from 3rd tries for Home, throw by LF and OUT! 7-2
Bottom of the 5th over - 0 runs, 1 hit, 0 errors, 2 left on base; Kannapolis 3 - Charleston 1
TOP OF THE 6TH
Kannapolis Intimidators batting - Pitching for Charleston RiverDogs : RHP Mike Pickens
Batting: RHB Duncan Collins 0-0: Ball
1-0: Ground out 3-1 (Groundball, 34S, EV 83.1 MPH)
Batting: RHB Nick Kleckner 0-0: Called Strike
0-1: Ball
1-1: Ground out 6-3 (Groundball, 56D, EV 87.5 MPH)
Batting: RHB Armando Vazquez 0-0: Called Strike
0-1: SINGLE (Line Drive, 4D, EV 100.0 MPH)
Batting: SHB Jose Castillo 0-0: Ball
1-0: Swinging Strike
1-1: Called Strike
1-2: Ball
2-2: Ball
3-2: Fly out, F7 (Flyball, 7D, EV 86.2 MPH)
Top of the 6th over - 0 runs, 1 hit, 0 errors, 1 left on base; Kannapolis 3 - Charleston 1
BOTTOM OF THE 6TH
Charleston RiverDogs batting - Pitching for Kannapolis Intimidators : LHP Randy Eisenmann
Pitching: LHP Travis Sergo
Batting: LHB Steve LeGrand 0-0: Ball
1-0: Ball
2-0: Called Strike
2-1: Foul Ball, location: 2F
2-2: Ball
3-2: Ground out 2-3 (Groundball, 15S, EV 69.4 MPH)
Batting: RHB Iften Olujimi 0-0: Called Strike
0-1: Swinging Strike
0-2: Foul Ball, location: 2F
0-2: Ball
1-2: Strikes out looking
Batting: RHB Matt Alderson 0-0: Called Strike
0-1: Ball
1-1: Called Strike
1-2: Strikes out swinging
Bottom of the 6th over - 0 runs, 0 hits, 0 errors, 0 left on base; Kannapolis 3 - Charleston 1
TOP OF THE 7TH
Kannapolis Intimidators batting - Pitching for Charleston RiverDogs : RHP Mike Pickens
Pitching: RHP Austin Trzcinski
Batting: RHB Jose Marquez 0-0: Called Strike
0-1: Foul Ball, location: 2F
0-2: Ball
1-2: Foul Ball, location: 2F
1-2: Foul Ball, location: 2F
1-2: Strikes out swinging
Batting: RHB Dunlang Clark 0-0: Ball
1-0: Ground out 6-3 (Groundball, 6M, EV 86.9 MPH)
Batting: RHB Sean Peake 0-0: Foul Ball, location: 2F
0-1: Ball
1-1: Ball
2-1: Foul Ball, location: 2F
2-2: Foul Ball, location: 2F
2-2: Ground out 5-3 (Groundball, 56, EV 87.5 MPH)
Top of the 7th over - 0 runs, 0 hits, 0 errors, 0 left on base; Kannapolis 3 - Charleston 1
BOTTOM OF THE 7TH
Charleston RiverDogs batting - Pitching for Kannapolis Intimidators : LHP Travis Sergo
Batting: RHB Gonçalo Burhil 0-0: Fly out, F9 (Flyball, 9S, EV 98.8 MPH)
Batting: RHB Louwe Starmans 0-0: Called Strike
0-1: Called Strike
0-2: Ball
1-2: Foul Ball, location: 2F
1-2: Ball
2-2: Ball
3-2: Foul Ball, location: 2F
3-2: Base on Balls
Batting: RHB Jonathan Iniguez 0-0: Called Strike
0-1: Ball
1-1: Ball
2-1: Called Strike
2-2: Ball
3-2: Strikes out swinging
Batting: RHB Bill Nguyen-Tan 0-0: Called Strike
0-1: Ball
1-1: Swinging Strike
1-2: Strikes out swinging
Bottom of the 7th over - 0 runs, 0 hits, 0 errors, 1 left on base; Kannapolis 3 - Charleston 1
TOP OF THE 8TH
Kannapolis Intimidators batting - Pitching for Charleston RiverDogs : RHP Austin Trzcinski
Batting: RHB Luwen Storm 0-0: Called Strike
0-1: Ball
1-1: Ball
2-1: Foul Ball, location: 2F
2-2: Ball
3-2: Foul Ball, location: 2F
3-2: Foul Ball, location: 2F
3-2: Fly out, F9 (Flyball, 89M, EV 90.0 MPH)
Batting: RHB Mike Warzecha 0-0: Called Strike
0-1: Foul Ball, location: 2F
0-2: SINGLE (Groundball, 6MD, EV 101.9 MPH)
Batting: RHB Duncan Collins 0-0: Called Strike
0-1: Foul Ball, location: 2F
0-2: Foul Ball, location: 2F
0-2: Foul Ball, location: 2F
0-2: Grounds into double play, 5-4-3 (Groundball, 56S, EV 90.6 MPH)
Top of the 8th over - 0 runs, 1 hit, 0 errors, 0 left on base; Kannapolis 3 - Charleston 1
BOTTOM OF THE 8TH
Charleston RiverDogs batting - Pitching for Kannapolis Intimidators : LHP Travis Sergo
Pitching: RHP Dicky Goedhart
Batting: SHB Corey Penson 0-0: Ball
1-0: Called Strike
1-1: Ground out 6-3 (Groundball, 6, EV 88.8 MPH)
Batting: RHB Mike Zern 0-0: Swinging Strike
0-1: Fly out, F8 (Flyball, 78D, EV 80.6 MPH)
Batting: LHB Steve LeGrand 0-0: Ball
1-0: Ball
2-0: Ball
3-0: Base on Balls
Batting: RHB Iften Olujimi 0-0: Foul Ball, location: 2F
0-1: Swinging Strike
0-2: Strikes out swinging
Bottom of the 8th over - 0 runs, 0 hits, 0 errors, 1 left on base; Kannapolis 3 - Charleston 1
TOP OF THE 9TH
Kannapolis Intimidators batting - Pitching for Charleston RiverDogs : RHP Austin Trzcinski
Pitching: LHP Cory Musial
Batting: RHB Nick Kleckner 0-0: Foul Ball, location: 2F
0-1: Foul Ball, location: 2F
0-2: Ball
1-2: Foul Ball, location: 2F
1-2: Strikes out looking
Batting: RHB Armando Vazquez 0-0: Ball
1-0: Ground out 5-3 (Groundball, 56, EV 86.2 MPH)
Batting: SHB Jose Castillo 0-0: Ball
1-0: Swinging Strike
1-1: Ground out 6-3 (Groundball, 6, EV 88.8 MPH)
Top of the 9th over - 0 runs, 0 hits, 0 errors, 0 left on base; Kannapolis 3 - Charleston 1
BOTTOM OF THE 9TH
Charleston RiverDogs batting - Pitching for Kannapolis Intimidators : RHP Dicky Goedhart
Pitching: RHP Chris Worster
Batting: RHB Matt Alderson 0-0: Ball
1-0: Swinging Strike
1-1: Foul Ball, location: 2F
1-2: Strikes out swinging
Pinch Hitting: LHB Dale Anderson 0-0: Foul Ball, location: 2F
0-1: Foul Ball, location: 2F
0-2: Strikes out swinging
Pinch Hitting: LHB Ernesto Abreu 0-0: Ball
1-0: Ground out U3 (Groundball, 34S, EV 70.0 MPH)
Bottom of the 9th over - 0 runs, 0 hits, 0 errors, 0 left on base; Kannapolis 3 - Charleston 1
Tuesday, March 28th , 2023 - OOTP Baseball 23.10 Build 110